[Event "*** SCC Grand Prix: Titled Tuesday Blitz"]
[Site "Chess.com"]
[Date "2020.07.21"]
[Round "3"]
[White "Gerodot71"]
[Black "KobyKalavannan"]
[Result "0-1"]
[WhiteElo "2425"]
[BlackElo "2714"]
[TimeControl "180+1"]
[EndTime "10:26:43 PDT"]
[Termination "KobyKalavannan won by resignation"]

1. d4 Nf6 2. c4 g6 3. Nc3 Bg7 4. e4 d6 5. Be2 O-O 6. Be3 Na6 7. Nf3 c5 8. O-O e6 9. d5 exd5 10. exd5 Re8 11. Nd2 Nc7 12. Qb3 Ng4 13. Bxg4 Bxg4 14.
Rae1 Bf5 15. Rd1 Qd7 16. Rfe1 Rab8 17. a4 a6 18. a5 Bg4 19. Rc1 h5 20. Kh1 h4 21. f3 Bf5 22. Nce4 h3 23. g4 Bxe4 24. Nxe4 Rxe4 25. fxe4 Qxg4 26. Rc2 Qxe4+ 27. Kg1 Bd4 28. Rce2 Qg4+ 29. Kh1 Re8 30. Qd3 Rxe3 0-1

[Event "*** SCC Grand Prix: Titled Tuesday Blitz"]
[Site "Chess.com"]
[Date "2020.07.21"]
[Round "3"]
[White "Agent-JL"]
[Black "Izoria123"]
[Result "0-1"]
[WhiteElo "2449"]
[BlackElo "2888"]
[TimeControl "180+1"]
[EndTime "10:26:45 PDT"]
[Termination "Izoria123 won on time"]

1. d4 d6 2. c4 e5 3. dxe5 dxe5 4. Qxd8+ Kxd8 5. Nc3 c6 6. e4 Be6 7. Be3 Nd7 8. O-O-O f6 9. f3 Kc7 10. Kc2 Nh6 11.
h4 Nf7 12. b3 b6 13. h5 Bc5 14. Bxc5 Nxc5 15. Nge2 a5 16. a4 Nd6 17. g4 Bf7 18. Ng3 Ne6 19. Rd3 Rhd8 20. Be2 Nc5 21. Rd2 Ndb7 22. Rhd1 Rxd2+ 23. Rxd2 Nd8 24. Nf5 Nde6 25. Bd1 g6 26. hxg6 hxg6 27. Nh6 Nd4+ 28. Kb2 Be6 29. Rh2 Rh8 0-1

[Event "*** SCC Grand Prix: Titled Tuesday Blitz"]
[Site "Chess.com"]
[Date "2020.07.21"]
[Round "3"]
[White "hansen"]
[Black "Keithonsky"]
[Result "1-0"]
[WhiteElo "2902"]
[BlackElo "2453"]
[TimeControl "180+1"]
[EndTime "10:26:48 PDT"]
[Termination "hansen won by resignation"]

1. e4 e6 2. d4 d5 3. Nc3 Nf6 4. Bg5 dxe4 5. Nxe4 Be7 6. Bxf6 gxf6 7. Nf3 a6 8. g3 b5 9. Bg2 Bb7 10. Qe2 Nc6 11.
O-O-O Nb4 12. a3 Nd5 13. Rhe1 Rg8 14. Nc5 Bc6 15. Nxe6 Qd6 16. Nc5 Kf8 17. Nh4 Nf4 18. Qxe7+ Qxe7 19. Rxe7 Nxg2 20. Rxc7 Nxh4 21. Rxc6 Ng6 22.
Rxf6 Kg7 23. Rf3 Rgd8 24. c3 Rd5 25. Re1 a5 26. Kc2 b4 27. a4 bxc3 28. bxc3 h5 29. h4 Rc8 30. Rb1 Re8 31. Rb7 Nh8 32. Kd3 Re1 33. Ne4 Rd1+ 34. Kc4 Rd8 35. Ng5 Rc8+ 36.
Kd5 Rd8+ 37. Kc6 Rc8+ 38. Rc7 Rxc7+ 39. Kxc7 Ra1 40. d5 Rxa4 41. d6 Rc4+ 42. Kb6 f6 43. d7 1-0

[Event "*** SCC Grand Prix: Titled Tuesday Blitz"]
[Site "Chess.com"]
[Date "2020.07.21"]
[Round "3"]
[White "zaur-mammadov"]
[Black "Fandorine"]
[Result "1-0"]
[WhiteElo "2666"]
[BlackElo "2927"]
[TimeControl "180+1"]
[EndTime "10:26:49 PDT"]
[Termination "zaur-mammadov won by resignation"]

1. e4 e5 2. Nf3 Nc6 3. Nc3 Nf6 4. Be2 d6 5. O-O Be7 6. d4 exd4 7. Nxd4 O-O 8. f4 Re8 9. Bf3 Nd7 10. Be3 Bf8 11. Nxc6 bxc6 12. e5 d5 13. Qd2 a5 14. b3 Bb4 15. a3 Bc5 16. Na4 Bxe3+ 17. Qxe3 Ba6 18. Rfd1 f6 19. e6 Qe7 20. c4 Nf8 21. cxd5 cxd5 22.
Bxd5 Rab8 23. Nc5 Bc8 24. Rac1 Rb6 25. f5 Kh8 26. Bc4 g6 27. fxg6 Nxg6 28. Nd7 Rd6 29. Rxd6 cxd6 30. Qf2 Ne5 31. Qxf6+ Qg7 32. Qxg7+ Kxg7 33. Nxe5 dxe5 34. Bb5 1-0

[Event "*** SCC Grand Prix: Titled Tuesday Blitz"]
[Site "Chess.com"]
[Date "2020.07.21"]
[Round "3"]
[White "NormWeinstein"]
[Black "denispopov"]
[Result "1-0"]
[WhiteElo "2460"]
[BlackElo "1809"]
[TimeControl "180+1"]
[EndTime "10:26:50 PDT"]
[Termination "NormWeinstein won on time"]

1. e4 c5 2. Nf3 Nc6 3. Nc3 g6 4. d4 cxd4 5. Nxd4 Bg7 6. Be3 d6 7. Bc4 Nf6 8. h3 Ne5 9. Bb3 Bd7 10. f4 Nc6 11. Qf3 Qa5 12. O-O O-O 13. Rae1 Rac8 14.
Kh1 a6 15. Rd1 b5 16. a3 Qc7 17. Qg3 b4 18. axb4 Nxb4 19. Rfe1 Nh5 20. Qf2 e6 21. Nf3 Bc6 22. f5 Bxc3 23. bxc3 Bxe4 24. cxb4 exf5 25. Bh6 Rfe8 26. Ng5 d5 27. Nxe4 dxe4 28. g4 Ng3+ 29. Kg2 1-0

[Event "*** SCC Grand Prix: Titled Tuesday Blitz"]
[Site "Chess.com"]
[Date "2020.07.21"]
[Round "3"]
[White "ArjunErigaisi2003"]
[Black "Caterpiller35"]
[Result "1-0"]
[WhiteElo "3037"]
[BlackElo "2456"]
[TimeControl "180+1"]
[EndTime "10:26:51 PDT"]
[Termination "ArjunErigaisi2003 won by resignation"]

1. c4 e5 2. Nc3 Nc6 3. Nf3 Bc5 4. e3 d6 5. d4 Bb6 6. c5 dxc5 7. d5 Nce7 8. Nxe5 Nf6 9. e4 O-O 10. Nc4 Re8 11.
Be2 Ng6 12. f3 Nd7 13. O-O Qh4 14. g3 Qh3 15. Be3 Nde5 16. Nxb6 axb6 17. Qd2 h5 18. Rf2 Qd7 19. a3 c4 20. Rd1 b5 21. Bd4 f5 22. f4 Nd3 23. Bxd3 cxd3 24. e5 b4 25. axb4 h4 26. Qxd3 hxg3 27. hxg3 b6 28. e6 Qe7 29.
Qxf5 Nf8 30. Rh2 1-0

[Event "*** SCC Grand Prix: Titled Tuesday Blitz"]
[Site "Chess.com"]
[Date "2020.07.21"]
[Round "3"]
[White "SilviusTiberius"]
[Black "Ashedu66"]
[Result "1-0"]
[WhiteElo "2504"]
[BlackElo "2226"]
[TimeControl "180+1"]
[EndTime "10:26:52 PDT"]
[Termination "SilviusTiberius won by resignation"]

1. e4 e5 2. Nf3 Nc6 3. Bb5 Nge7 4.
Nc3 g6 5. d4 exd4 6. Nd5 Bg7 7.
Bg5 h6 8. Bf6 Kf8 9. Qd2 Bxf6 10. Nxf6 Nf5 11. Nd5 Nd6 12. Bd3 Kg7 13. O-O-O Re8 14.
Rhe1 f6 15. Qf4 Nf7 16. Nxc7 Nce5 17. Nxa8 b6 18. Nxd4 Bb7 19. Qg3 Kh7 20. f4 Nxd3+ 21. Qxd3 Qxa8 22. Nb5 Bxe4 23. Qxd7 Kg8 24. Nc7 Qc6 25.
Qxc6 Bxc6 26. Nxe8 1-0

[Event "*** SCC Grand Prix: Titled Tuesday Blitz"]
[Site "Chess.com"]
[Date "2020.07.21"]
[Round "3"]
[White "Munguntuul_B"]
[Black "Vision_64"]
[Result "1-0"]
[WhiteElo "2541"]
[BlackElo "2208"]
[TimeControl "180+1"]
[EndTime "10:26:52 PDT"]
[Termination "Munguntuul_B won by resignation"]

1. e4 c5 2. Nf3 Nc6 3. d4 cxd4 4. Nxd4 Nf6 5. Nc3 e5 6. Ndb5 d6 7. Bg5 a6 8. Na3 b5 9. Nd5 Be7 10. Bxf6 Bxf6 11. g3 Rb8 12. Bg2 b4 13. Nc4 O-O 14.
O-O Nd4 15. c3 bxc3 16. bxc3 Ne6 17. Nxd6 Bb7 18. Nxb7 Rxb7 19. Qe2 Nc5 20. Rfd1 Rd7 21. Bh3 Rd6 22. Qc4 Nb7 23. Rab1 Na5 24. Qc5 Rc6 25. Nxf6+ Qxf6 26. Qxa5 Qf3 27. Rd8 g6 28. Rbb8 Rxd8 29. Qxd8+ Kg7 30. Qf8+ Kf6 31. Qh8+ Kg5 32. Qxe5+ f5 33. exf5 Qd1+ 34. Kg2 Rc5 35. Qf4+ Kf6 36.
fxg6+ Kg7 37. Qf8+ Kxg6 38. Qxc5 1-0

[Event "*** SCC Grand Prix: Titled Tuesday Blitz"]
[Site "Chess.com"]
[Date "2020.07.21"]
[Round "3"]
[White "qingaunlee"]
[Black "Chess_Boxer123"]
[Result "0-1"]
[WhiteElo "2343"]
[BlackElo "2572"]
[TimeControl "180+1"]
[EndTime "10:26:53 PDT"]
[Termination "Chess_Boxer123 won by resignation"]

1. e4 c6 2. d4 d5 3. exd5 cxd5 4. c4 Nf6 5. Nc3 g6 6. Qb3 Bg7 7. cxd5 O-O 8. g3 e6 9. Bg2 Nxd5 10. Nge2 Nxc3 11.
bxc3 Nc6 12. O-O e5 13. d5 Na5 14. Qb4 b6 15. Be3 Ba6 16. Rfe1 Rc8 17. Rad1 Rc4 18.
Qb1 Qd6 19. Rd2 f5 20. Bf1 Rc7 21. f4 Nc4 22. Rd3 Na3 23. Qd1 Bxd3 24. Qxd3 e4 25. Qd1 Rd8 26. Nd4 Qxd5 27. Qa4 Nc4 28. Bf2 e3 29.
Bxe3 Nxe3 30. Rxe3 Bxd4 31. cxd4 Qxd4 32. Qb3+ Kg7 33. Qe6 Rc3 34. Qe7+ Kh8 35. Kf2 Qxe3+ 36. Qxe3 Rxe3 37. Kxe3 Rd1 38. Bc4 Rc1 39. Kd4 Rc2 40. h3 Rg2 41. Ke5 Rxg3 0-1

[Event "*** SCC Grand Prix: Titled Tuesday Blitz"]
[Site "Chess.com"]
[Date "2020.07.21"]
[Round "3"]
[White "Bigfish1995"]
[Black "Tooweak2slow03"]
[Result "1-0"]
[WhiteElo "3023"]
[BlackElo "2688"]
[TimeControl "180+1"]
[EndTime "10:26:54 PDT"]
[Termination "Bigfish1995 won by resignation"]

1. d4 e6 2. e4 d5 3. Nc3 h6 4. a3 Nf6 5. e5 Nfd7 6. Nce2 c5 7. c3 Nc6 8. f4 b5 9. Nf3 a5 10. dxc5 Bxc5 11. Ned4 Nxd4 12. cxd4 Be7 13. Bxb5 Qb6 14. Bd3 Ba6 15. O-O Bxd3 16. Qxd3 O-O 17.
f5 exf5 18. Qxf5 Qe6 19. Qd3 Nb6 20. b3 a4 21. b4 Nc4 22. Bf4 Rac8 23. h3 Nb2 24. Qe2 Qg6 25. Ne1 Nc4 26. Nd3 f6 27. e6 Rc6 28. Nc5 Re8 29. Qf3 Bxc5 30. dxc5 Rexe6 31.
Qxd5 Qe4 32. Qxe4 Rxe4 33. Rae1 Rxe1 34. Rxe1 Nxa3 35. Ra1 Nc2 36. Rxa4 g5 37. Bd6 Nd4 38.
Ra5 Kf7 39. b5 Rc8 40. b6 Nc6 41. b7 Rd8 42. Ra6 Rd7 43. Rxc6 Rxb7 44. Rc7+ Rxc7 45. Bxc7 Ke6 46. Bd6 Kd5 47. g4 1-0

[Event "*** SCC Grand Prix: Titled Tuesday Blitz"]
[Site "Chess.com"]
[Date "2020.07.21"]
[Round "3"]
[White "Carnivoras"]
[Black "ChessWarrior7197"]
[Result "0-1"]
[WhiteElo "2616"]
[BlackElo "2872"]
[TimeControl "180+1"]
[EndTime "10:26:55 PDT"]
[Termination "ChessWarrior7197 won by resignation"]

1. d4 d5 2. Nf3 e6 3. Bf4 Nf6 4. e3 Bd6 5. Bd3 c5 6. c3 Nc6 7. O-O O-O 8. Nbd2 Bxf4 9. exf4 cxd4 10. Nxd4 Qb6 11. N2b3 Bd7 12. Qe2 a5 13. Nb5 a4 14.
N3d4 Nxd4 15. Nxd4 a3 16. b3 Rfc8 17. Rac1 Rc7 18.
Rc2 Rac8 19. Rfc1 Qa5 20. Qe1 h6 21. h3 Ne8 22. f5 exf5 23. Bxf5 Nd6 24. Bxd7 Rxd7 25.
Qe5 Re8 26. Qf4 Re4 27. Qg3 Qb6 28. Kh2 Rde7 29. Rd1 Kh7 30. Qf3 R7e5 31. Rcd2 Qc5 32. Rd3 f5 33. Nc2 Nb5 34. Nd4 Nd6 35. Nc2 Nf7 36. Ne3 Ng5 37. Qh5 f4 38. Rxd5 Qxc3 39. Ng4 Nf3+ 40. gxf3 Rxh5 41. fxe4 Qxh3+ 0-1

[Event "*** SCC Grand Prix: Titled Tuesday Blitz"]
[Site "Chess.com"]
[Date "2020.07.21"]
[Round "3"]
[White "Kavyev_Ruslan"]
[Black "XDPS"]
[Result "0-1"]
[WhiteElo "2429"]
[BlackElo "2728"]
[TimeControl "180+1"]
[EndTime "10:26:55 PDT"]
[Termination "XDPS won by resignation"]

1. d4 d5 2. c4 c6 3. Nf3 Nf6 4. g3 Bf5 5. Nc3 e6 6. Nh4 dxc4 7. Nxf5 exf5 8. e3 Nbd7 9. Bxc4 Nb6 10. Bb3 Qd7 11.
Qd3 g6 12. Bd2 h5 13. O-O-O O-O-O 14. f3 h4 15. Rhg1 hxg3 16. hxg3 Kb8 17. Kb1 Rh3 18. e4 fxe4 19. fxe4 Ng4 20. Bf4+ Ka8 21. Qf3 f5 22. exf5 gxf5 23. d5 c5 24. Bc2 Rh2 25. Bg5 Rf2 26. Qd3 c4 27. Qd4 Bg7 28. Qc5 Rc8 29. Qe7 Qxe7 30. Bxe7 Ne3 31. Rc1 Bxc3 32. bxc3 Nbxd5 33. Bb4 b6 34. Ba4 a5 35. Ba3 b5 36. Bxb5 Rb8 37. Ka1 Rxb5 38. Rgd1 Nxd1 39. Rxd1 Ne3 0-1

[Event "*** SCC Grand Prix: Titled Tuesday Blitz"]
[Site "Chess.com"]
[Date "2020.07.21"]
[Round "3"]
[White "Irochka83"]
[Black "Fighter008"]
[Result "0-1"]
[WhiteElo "2349"]
[BlackElo "2579"]
[TimeControl "180+1"]
[EndTime "10:26:55 PDT"]
[Termination "Fighter008 won on time"]

1. d4 Nf6 2. c4 g6 3. Nc3 Bg7 4. e4 d6 5. Nf3 O-O 6. Be2 e5 7. O-O Nc6 8. d5 Ne7 9. Ne1 Nd7 10. Be3 f5 11. f3 f4 12. Bf2 g5 13. Rc1 h5 14. Nd3 Nf6 15. c5 g4 16. Nb5 g3 17.
hxg3 fxg3 18. Bxg3 Ng6 19. cxd6 cxd6 20. Nc7 Rb8 21.
Bf2 Bd7 22. Ne6 Bxe6 23. dxe6 h4 24. Nb4 Nh5 25. Nd5 Qg5 26. Be3 Nhf4 27. Rf2 h3 28.
Bf1 Qg3 29. Nxf4 exf4 30. Bd4 Nh4 31. Bxg7 h2+ 32. Kh1 Qxf2 33. Bd4 Qg3 34. Rc2 Rbc8 35. e7 Rfe8 36. b3 Kh7 37. Rxc8 Rxc8 0-1

[Event "*** SCC Grand Prix: Titled Tuesday Blitz"]
[Site "Chess.com"]
[Date "2020.07.21"]
[Round "3"]
[White "gena217"]
[Black "Lagmantr"]
[Result "1-0"]
[WhiteElo "2913"]
[BlackElo "2636"]
[TimeControl "180+1"]
[EndTime "10:26:57 PDT"]
[Termination "gena217 won on time"]

1. e4 c6 2. d4 d5 3. Nc3 dxe4 4. Nxe4 Nf6 5. Nxf6+ exf6 6. c3 Bd6 7. Bd3 O-O 8. Qc2 Re8+ 9. Ne2 h5 10. O-O h4 11.
h3 Nd7 12. Bd2 Nf8 13. Rae1 Bd7 14. f4 Qa5 15. b4 Qh5 16. f5 a5 17. a3 b6 18. c4 axb4 19. axb4 c5 20. dxc5 bxc5 21. b5 Ra3 22. Nf4 Bxf4 23. Bxf4 Rea8 24. b6 Bc6 25.
Be4 Ra2 26. Qxa2 Rxa2 27. Bxc6 Qxf5 28. b7 Rb2 29. Bc1 1-0

[Event "*** SCC Grand Prix: Titled Tuesday Blitz"]
[Site "Chess.com"]
[Date "2020.07.21"]
[Round "3"]
[White "dosto07"]
[Black "GiantThresher"]
[Result "0-1"]
[WhiteElo "2229"]
[BlackElo "2521"]
[TimeControl "180+1"]
[EndTime "10:26:57 PDT"]
[Termination "GiantThresher won on time"]

1. e4 c5 2. Nf3 Nc6 3. Bb5 g6 4. O-O Bg7 5. Re1 Nf6 6. c3 O-O 7. e5 Nd5 8. d4 cxd4 9. cxd4 d6 10. Nc3 Be6 11. Bg5 dxe5 12. Bxc6 bxc6 13. Nxe5 Rc8 14. Bh4 Nxc3 15. bxc3 c5 16. Qa4 a5 17. Nc6 Bd7 18. d5 Re8 19. Re3 Bxc6 20. dxc6 Qc7 21. Rae1 e6 22.
c4 Bd4 23. Rb3 Qxc6 24. Qxa5 Ra8 25. Qd2 Qa4 26. Bf6 Bxf6 0-1

[Event "*** SCC Grand Prix: Titled Tuesday Blitz"]
[Site "Chess.com"]
[Date "2020.07.21"]
[Round "3"]
[White "TigrVShlyape"]
[Black "baag"]
[Result "1-0"]
[WhiteElo "2862"]
[BlackElo "2609"]
[TimeControl "180+1"]
[EndTime "10:26:58 PDT"]
[Termination "TigrVShlyape won by checkmate"]

1. d4 Nf6 2. Nf3 e6 3. Bf4 c5 4. e3 Nc6 5. Nbd2 d5 6. c3 Bd6 7.
Bg3 O-O 8. Bd3 b6 9. Qe2 Bb7 10.
Rd1 Qc7 11. e4 dxe4 12. Nxe4 Nxe4 13. Qxe4 g6 14. dxc5 bxc5 15. Bxd6 Qxd6 16. Ba6 Qc7 17. Bxb7 Qxb7 18. Ne5 Rac8 19. O-O Qc7 20. Nd7 Rfd8 21. Nxc5 Rxd1 22. Rxd1 Qa5 23. b4 Qxa2 24. h4 Rd8 25.
Nd7 Qa4 26. Rd6 Rc8 27. Kh2 Ne7 28. Nf6+ Kg7 29. Qe5 Nc6 30. Nh5+ Kf8 31. Qf6 gxh5 32. Rd7 Ne5 33. Qh8# 1-0

[Event "*** SCC Grand Prix: Titled Tuesday Blitz"]
[Site "Chess.com"]
[Date "2020.07.21"]
[Round "3"]
[White "Duhless"]
[Black "Matveev_Vladimir"]
[Result "1-0"]
[WhiteElo "2961"]
[BlackElo "2666"]
[TimeControl "180+1"]
[EndTime "10:27:02 PDT"]
[Termination "Duhless won by resignation"]

1. d4 Nf6 2. Nf3 g6 3. Nbd2 Bg7 4. e4 d6 5. Bd3 O-O 6. O-O c5 7. dxc5 dxc5 8. Nc4 Nc6 9. a4 Be6 10. Re1 Bxc4 11. Bxc4 Qxd1 12. Rxd1 Nxe4 13. c3 Rad8 14. Bf4 Nd6 15. Bxd6 Rxd6 16. Rxd6 exd6 17. Rd1 Rd8 18. Ng5 Ne5 19. Bd5 h6 20. Ne4 b6 21. h3 g5 22.
Ng3 Kf8 23. Nf5 Ng6 24. Bb3 Ne7 25. Rxd6 Rxd6 26. Nxd6 f5 27. Nb5 a5 28. Nc7 Be5 29.
Na8 Bf4 30. Nxb6 Bc1 31. Nc4 Nc6 32. Bc2 f4 33. Be4 Na7 34. Kf1 Ke7 35. Ke2 f3+ 36.
Bxf3 Kf6 37. Kd3 Ke6 38. Kc2 Bf4 39. Nxa5 Nc8 40. Bg4+ 1-0

[Event "*** SCC Grand Prix: Titled Tuesday Blitz"]
[Site "Chess.com"]
[Date "2020.07.21"]
[Round "3"]
[White "Azoulas1"]
[Black "Alindsay211"]
[Result "1/2-1/2"]
[WhiteElo "2025"]
[BlackElo "2289"]
[TimeControl "180+1"]
[EndTime "10:27:03 PDT"]
[Termination "Game drawn by agreement"]

1. e4 e6 2. d4 d5 3. Nc3 Nf6 4. e5 Nfd7 5. f4 c5 6. Nf3 Nc6 7. Be3 a6 8. Qd2 b5 9. g3 Qb6 10. Bg2 cxd4 11. Nxd4 Bc5 12. Rd1 Bb7 13. Nce2 Rc8 14.
c3 b4 15. O-O O-O 16. Kh1 a5 17. Bh3 Ba6 18. Bg2 Nxd4 19. cxd4 Be7 20. f5 exf5 21. Rxf5 Qe6 22. Rf2 Nb6 23. Nf4 Qd7 24. b3 Rc3 1/2-1/2

[Event "*** SCC Grand Prix: Titled Tuesday Blitz"]
[Site "Chess.com"]
[Date "2020.07.21"]
[Round "3"]
[White "killer311"]
[Black "dodorox"]
[Result "1-0"]
[WhiteElo "2379"]
[BlackElo "2140"]
[TimeControl "180+1"]
[EndTime "10:27:05 PDT"]
[Termination "killer311 won by resignation"]

1. d4 Nf6 2. c4 e6 3. Nc3 d5 4. e3 Be7 5. Nf3 O-O 6. cxd5 exd5 7. Bd3 c6 8. O-O Bg4 9. Be2 Nbd7 10. Ne5 Bxe2 11.
Qxe2 Re8 12. f4 Ne4 13. Nxe4 dxe4 14. Qg4 Nf6 15. Qh3 Qc8 16. Qxc8 Raxc8 17. Bd2 Nd5 18.
Rac1 f6 19. Nc4 Kf7 20. a3 Ke6 21. Rc2 c5 22. f5+ Kd7 23. dxc5 Bxc5 24. Rfc1 b5 25. Ne5+ Rxe5 26. Rxc5 Rxc5 27. Rxc5 a6 28. g4 Nb6 29.
Rxe5 fxe5 30. Bc3 Nc4 31. Kf2 Ke7 32. h4 g6 33. b3 gxf5 34. bxc4 bxc4 35. gxf5 Kf6 36.
Kg3 Kxf5 37. a4 h5 38. a5 Ke6 39. Kf2 Kd5 40. Ke2 Ke6 41. Kd2 Kf5 42. Kc2 Kg4 43. Bxe5 Kxh4 44. Kc3 Kg4 45. Kxc4 Kf3 46. Kd4 h4 47. Bf4 h3 48. Kc5 Kg2 49. Kc6 h2 50. Bxh2 Kxh2 51. Kd5 Kg2 52. Kxe4 Kf2 53. Kd4 Kf3 54.
e4 1-0

[Event "*** SCC Grand Prix: Titled Tuesday Blitz"]
[Site "Chess.com"]
[Date "2020.07.21"]
[Round "3"]
[White "maxip32"]
[Black "politeplayer"]
[Result "1-0"]
[WhiteElo "2426"]
[BlackElo "2205"]
[TimeControl "180+1"]
[EndTime "10:27:06 PDT"]
[Termination "maxip32 won by resignation"]

1. e4 e6 2. d3 c5 3. Nd2 b6 4. Ngf3 Bb7 5. g3 d6 6. Bg2 Nf6 7. O-O Be7 8. c3 O-O 9. Re1 Nc6 10. d4 cxd4 11. cxd4 Nb4 12. Qb3 d5 13. e5 Nd7 14. a3 Nc6 15. h4 Na5 16. Qe3 Rc8 17. Bf1 Nc4 18. Qf4 b5 19. b3 Nxd2 20. Bxd2 Qb6 21.
Bd3 b4 22. a4 Ba6 23. Bb1 f5 24.
exf6 Rxf6 25. Qg4 Rxf3 26. Qxf3 Qxd4 27. Ra2 Ne5 28. Qe3 Qxe3 29. Rxe3 Ng4 30. Rxe6 Bc5 31. Rxa6 Bxf2+ 32. Kg2 Bb6 33. Bf5 Rf8 34. Bxg4 Rf2+ 35. Kh3 Be3 36. Bxe3 1-0

[Event "*** SCC Grand Prix: Titled Tuesday Blitz"]
[Site "Chess.com"]
[Date "2020.07.21"]
[Round "3"]
[White "Thipsay"]
[Black "Shivagami"]
[Result "1-0"]
[WhiteElo "2453"]
[BlackElo "2222"]
[TimeControl "180+1"]
[EndTime "10:27:08 PDT"]
[Termination "Thipsay won by resignation"]

1. e4 e5 2. Nf3 Nc6 3. Bb5 a6 4. Ba4 Nf6 5. O-O Be7 6. Re1 b5 7. Bb3 d6 8. c3 O-O 9. h3 Nb8 10. d4 Nbd7 11. Nbd2 Bb7 12. Bc2 Re8 13. a4 Bf8 14.
Bd3 c6 15. Qc2 Rc8 16. b3 g6 17. Bb2 Nh5 18. Bf1 Nf4 19. Rad1 Qc7 20. Qb1 h5 21. b4 Bh6 22. c4 bxa4 23. dxe5 dxe5 24. c5 g5 25. Nc4 g4 26. Nh4 gxh3 27. g3 Ne6 28. Nf5 Bf8 29. Ncd6 Ng5 30. Re3 Re6 31. Nxc8 Qxc8 32.
Kh2 Rg6 33. Bc3 Nf6 34. f3 Ngxe4 35. Rxe4 Nxe4 36. Qxe4 1-0

[Event "*** SCC Grand Prix: Titled Tuesday Blitz"]
[Site "Chess.com"]
[Date "2020.07.21"]
[Round "3"]
[White "frederiksvane"]
[Black "wonderfultime"]
[Result "0-1"]
[WhiteElo "2671"]
[BlackElo "2978"]
[TimeControl "180+1"]
[EndTime "10:27:09 PDT"]
[Termination "wonderfultime won by resignation"]

1. e4 c5 2. Nf3 Nf6 3. Nc3 d5 4. exd5 Nxd5 5. Bb5+ Bd7 6. Bxd7+ Qxd7 7. O-O Nc6 8. Ne4 e6 9. d4 cxd4 10. Nxd4 Rd8 11. c3 Be7 12. Nxc6 Qxc6 13. Qe2 O-O 14.
Bd2 Rd7 15. Rad1 Rfd8 16. Bc1 h6 17. g3 b5 18. Nd2 a5 19. Nf3 Bf6 20. h4 a4 21. a3 Nb6 22. Rxd7 Rxd7 23. Rd1 Rxd1+ 24. Qxd1 Nc4 25. Qe2 Qd5 26. Nd2 Ne5 27. Ne4 Be7 28. Bf4 Nd3 29. h5 e5 30. Nd2 Nxb2 31. Bxe5 Bxa3 32.
f4 Bc5+ 33. Kh2 Nd3 34. Qg4 Nxe5 35. fxe5 0-1

[Event "*** SCC Grand Prix: Titled Tuesday Blitz"]
[Site "Chess.com"]
[Date "2020.07.21"]
[Round "3"]
[White "Th3_Hound"]
[Black "Phriex"]
[Result "1-0"]
[WhiteElo "2597"]
[BlackElo "2373"]
[TimeControl "180+1"]
[EndTime "10:27:09 PDT"]
[Termination "Th3_Hound won by checkmate"]

1. e4 c5 2. Nf3 e6 3. d4 cxd4 4. Nxd4 Nc6 5. Nc3 Qc7 6. Be3 a6 7.
Qd2 Nf6 8. f3 Be7 9. O-O-O b5 10. g4 Nxd4 11. Bxd4 Bb7 12. g5 Nh5 13. Kb1 b4 14.
Ne2 d5 15. e5 Rc8 16. Ng3 Bxg5 17. Qf2 Nf4 18. h4 Bh6 19. Rh2 Ng6 20. Nh5 Nxe5 21.
Rg2 g6 22. f4 Nc4 23. Bxh8 gxh5 24. Bxc4 Qxc4 25. Rg8+ Ke7 26. Rxc8 Bxc8 27. Be5 Bd7 28. b3 Qe4 29. Qc5+ Ke8 30. Rg1 Bf8 31. Qxf8+ Kxf8 32.
Bd6+ Ke8 33. Rg8# 1-0

[Event "*** SCC Grand Prix: Titled Tuesday Blitz"]
[Site "Chess.com"]
[Date "2020.07.21"]
[Round "3"]
[White "BikingBrian"]
[Black "LilRag"]
[Result "0-1"]
[WhiteElo "2210"]
[BlackElo "2501"]
[TimeControl "180+1"]
[EndTime "10:27:10 PDT"]
[Termination "LilRag won by resignation"]

1. d4 Nf6 2. Bg5 e6 3. Nd2 d5 4.
e3 Nbd7 5. f4 c5 6. c3 h6 7. Bh4 Be7 8. Ngf3 Ne4 9. Bxe7 Qxe7 10. Nxe4 dxe4 11. Ne5 cxd4 12. exd4 Nxe5 13. dxe5 O-O 14.
Qd4 Bd7 15. Be2 Bc6 16. O-O Rfd8 17. Qe3 a6 18. Rad1 Qc7 19. Rxd8+ Rxd8 20. Rd1 Rxd1+ 21. Bxd1 Qa5 22. a3 Qd5 23. Bc2 Qa2 24. Bxe4 Qa1+ 25. Kf2 Qxb2+ 26. Kf3 Bxe4+ 27. Kxe4 Qxg2+ 28. Kd3 Qf1+ 29. Kc2 Qg2+ 30. Kb3 Qxh2 31. Qd4 Qg2 32. Qd8+ Kh7 33. Qc7 Qd5+ 34. Kb2 Kg6 35. c4 Qc6 36. Qd8 Qxc4 37.
Qh4 Qe2+ 38. Kb3 Qd3+ 39. Kb2 Qd7 40. Qf2 Kh7 41. f5 exf5 42. Qf4 Qe6 0-1

[Event "*** SCC Grand Prix: Titled Tuesday Blitz"]
[Site "Chess.com"]
[Date "2020.07.21"]
[Round "3"]
[White "RodinMihail"]
[Black "Karina_Ivanova"]
[Result "1-0"]
[WhiteElo "2488"]
[BlackElo "2188"]
[TimeControl "180+1"]
[EndTime "10:27:10 PDT"]
[Termination "RodinMihail won on time"]

1. e4 c6 2. d4 d5 3. e5 Bf5 4.
Nc3 e6 5. g4 Bg6 6. Nge2 Ne7 7.
f4 h5 8. f5 exf5 9. g5 Nd7 10.
h4 Qa5 11. Be3 O-O-O 12. Qd2 c5 13. O-O-O Nc6 14. Kb1 cxd4 15. Nxd4 Ndxe5 16. Nb3 Qc7 17. Nxd5 Qd7 18. Bf4 Bd6 19. Qc3 Rhe8 20. Bb5 Kb8 21. Rhe1 Qc8 22. a3 Re6 23. Qg3 Ka8 24. Bxc6 Nxc6 25.
Rxe6 Bxf4 26. Qxf4 fxe6 27. Nc7+ Qxc7 28. Qxc7 Rxd1+ 29. Ka2 a6 30. Qxg7 1-0

[Event "*** SCC Grand Prix: Titled Tuesday Blitz"]
[Site "Chess.com"]
[Date "2020.07.21"]
[Round "3"]
[White "vovachesss"]
[Black "tan275"]
[Result "1-0"]
[WhiteElo "2602"]
[BlackElo "2237"]
[TimeControl "180+1"]
[EndTime "10:27:10 PDT"]
[Termination "vovachesss won by checkmate"]

1. c4 e6 2. Nf3 d5 3. g3 Nf6 4. Bg2 dxc4 5. O-O Nbd7 6. a4 Bd6 7. Na3 Bxa3 8. Rxa3 O-O 9. Qc2 a5 10. Qxc4 Nb6 11.
Qc2 Bd7 12. d3 Bc6 13. Bd2 Qd6 14. Rc1 e5 15. Be3 Nbd5 16. Bc5 Qe6 17. Bxf8 Rxf8 18. Ng5 Qg4 19. Ne4 Nxe4 20. Bxe4 Nb4 21. Qd2 Bxe4 22.
dxe4 Qxe4 23. Rxc7 f5 24. Qg5 Qb1+ 25. Kg2 Qe4+ 26. f3 Qxe2+ 27. Kh3 Qf1+ 28. Kh4 Rf7 29. Qd8+ Rf8 30. Qe7 g5+ 31. Qxg5+ Kh8 32. Qg7# 1-0

[Event "*** SCC Grand Prix: Titled Tuesday Blitz"]
[Site "Chess.com"]
[Date "2020.07.21"]
[Round "3"]
[White "TheWolfSpur"]
[Black "Ginger_GM"]
[Result "0-1"]
[WhiteElo "2366"]
[BlackElo "2589"]
[TimeControl "180+1"]
[EndTime "10:27:12 PDT"]
[Termination "Ginger_GM won by resignation"]

1. d4 e6 2. c4 b6 3. Nc3 Bb7 4. e4 Bb4 5. Bd3 f5 6. f3 Qh4+ 7. g3 Qh5 8. Bd2 Nc6 9. Nce2 fxe4 10. Bxe4 Nf6 11. Bxc6 Bxd2+ 12. Qxd2 Bxc6 13. O-O-O O-O 14. Nf4 Qf7 15. Ngh3 h6 16. Rdf1 Rae8 17. Nd3 d6 18. Nhf4 e5 19. dxe5 Qxc4+ 20. Qc2 Qxc2+ 21. Kxc2 dxe5 22. Ng6 e4 23. Nb4 Bb5 24. Nxf8 Bxf1 25. Rxf1 Rxf8 26. f4 c5 27. Na6 Rd8 28. a3 Kf7 29. b4 cxb4 30.
Nxb4 Ke6 31. Kc3 Nd5+ 32. Nxd5 Rxd5 33. Re1 Kf5 34. h3 Rd3+ 0-1

[Event "*** SCC Grand Prix: Titled Tuesday Blitz"]
[Site "Chess.com"]
[Date "2020.07.21"]
[Round "3"]
[White "Giraffe_Chess"]
[Black "BabyBoss31"]
[Result "1-0"]
[WhiteElo "2408"]
[BlackElo "2183"]
[TimeControl "180+1"]
[EndTime "10:27:12 PDT"]
[Termination "Giraffe_Chess won by resignation"]

1. d4 d5 2. c4 Nc6 3. Nf3 Bg4 4.
Nbd2 dxc4 5. e3 e6 6. Nxc4 Nf6 7. h3 Bh5 8. Be2 a6 9. O-O Be7 10. b3 O-O 11. Bb2 Rc8 12. Rc1 Nb4 13. a3 Nbd5 14.
Na5 Rb8 15. b4 Ne4 16. Ne5 Bxe2 17. Qxe2 Nd6 18. Rc2 f6 19. Nd3 Qd7 20. Rd1 b6 21.
Nc6 f5 22. Nde5 Qe8 23. Rdc1 Rc8 24. Qxa6 Bf6 25. Qe2 Bxe5 26. Nxe5 Nf7 27. Nc4 Nd6 28. Nxd6 cxd6 29. Rxc8 Qxc8 30. Rxc8 Rxc8 1-0